 Dungeon Crawl Stone Soup version 0.30.0-29-ga12c61a403 (webtiles) character file.

Game seed: 8948460636615514767

537 hawla the Firebug (level 7, -9/50 HPs)
             Began as a Meteoran Fire Elementalist on June 25, 2023.
             Mangled by an ice beast (19 damage)
             ... on level 6 of the Dungeon.
             The game lasted 00:04:43 (1557 turns).

hawla the Firebug (Meteoran Fire Elementalist)      Turns: 1557, Time: 00:04:44

Health: -9/50      AC:  2    Str:  9    XL:     7   Next: 80%
Magic:  0/13       EV: 13    Int: 19    God:
Gold:   161        SH:  0    Dex: 15    Spells: 6/13 levels left

rFire   + . .        f - +0 quarterstaff
rCold   x . .        (shield currently unavailable)
rNeg    . . .        a - +0 robe
rPois   .            (no helmet)
rElec   .            (no cloak)
rCorr   .            (no gloves)
SInv    .            (no boots)
Will    .....        (no amulet)
Stlth   +            e - ring of fire
HPRegen 0.28/turn    (no ring)
MPRegen 0.13/turn

%: no passive effects
@: glowing
A: sense surroundings 1, otherworldly, glowing, explore regen
a: no special abilities


You were on level 6 of the Dungeon.
You visited 1 branch of the dungeon, and saw 6 of its levels.

You collected 161 gold pieces.

Inventory:

Hand Weapons
 f - a +0 quarterstaff (weapon)
Armour
 a - a +0 robe (worn)
Jewellery
 e - a ring of fire (left hand)
 l - a ring of flight
Wands
 b - a wand of flame (44) (quivered)
Scrolls
 g - 2 scrolls of fear {unknown}
 j - a scroll of vulnerability {unknown}
 m - a scroll of magic mapping {unknown}
 n - a scroll of blinking {unknown}
 o - a scroll of immolation {unknown}
Potions
 c - a potion of heal wounds
 d - 2 potions of might
 h - 3 potions of curing {unknown}
 i - a potion of brilliance


   Skills:
 + Level 4.8 Staves
 - Level 3.0 Dodging
 - Level 1.4 Stealth
 - Level 3.5 Spellcasting
 - Level 4.9 Conjurations
 - Level 4.9 Fire Magic
 * Level 2.8 Evocations


You had 6 spell levels left.
You knew the following spells:

 Your Spells              Type           Power      Damage    Failure   Level
a - Foxfire               Conj/Fire      100%       2x1d9     1%          1
b - Scorch                Fire           66%        2d7       2%          2
c - Flame Wave            Conj/Fire      33%        2d10      19%         4

Your spell library contained the following spells:

 Spells                   Type           Power      Damage    Failure   Level
 Sandblast                Erth           6%         2d5       14%         1
 Inner Flame              Hex/Fire       19%        N/A       16%         3
 Stone Arrow              Conj/Erth      24%        3d8       16%         3
 Volatile Blastmotes      Fire/Tloc      38%        2d13      16%         3
 Passwall                 Tmut/Erth      2%         N/A       22%         2


Dungeon Overview and Level Annotations

Branches:
Dungeon (6/15) Zot: 2043
 Temple: D:4-7

Altars:


Innate Abilities, Weirdness & Mutations

You passively map a small area around you.
You are easily found by Zot.
You glow in the dark.
You regain HP and MP as you explore.


Message History

The flame wave engulfs the orc!
You kill the orc!
The flame wave engulfs the orc priest!
The orc priest is almost dead.
The flame wave engulfs the orc!
You kill the orc!
You finish channelling waves of flame.
You hear an angry hiss.
The orc hits you with a +0 club.
Unknown command.
Saving game... please wait.
You hear the hiss of flowing sand.
There is an entrance to an ossuary on this level.
Hurry and find it before the portal is buried!
Welcome back, hawla the Meteoran Fire Elementalist.
Press ? for a list of commands and other information.
Cast which spell? (? or * to list)
The spell is quite dangerous to miscast (19% risk of failure)!
Continue anyway?
Casting: Flame Wave (quite dangerous; 19% risk of failure)
Press: ? - help, Dir - look around, f - activate You feel a surge of power!
A wave of flame ripples out!
The flame wave engulfs the orc.
You kill the orc!
The flame wave engulfs the orc priest.
The orc priest is almost dead. (Press . to intensify the flame waves.)
The orc priest hits you with a +0 flail!
* * * LOW HITPOINT WARNING * * *
A wave of flame ripples out!
The flame wave engulfs the orc priest.
You kill the orc priest!
The flame wave engulfs the orc!
You kill the orc!
The flame wave engulfs the ice beast.
The ice beast melts!
The ice beast is lightly wounded.
A wave of flame ripples out!
The flame wave engulfs the ice beast!
The ice beast melts!
The ice beast is heavily wounded.
You finish channelling waves of flame.
The ice beast hits you.
* * * LOW HITPOINT WARNING * * *
The ice beast freezes you!!
You feel a terrible chill!
You die...

, , .##.
##..# * ,
....###...#
*
.........##
#........##
*#.........#
.##........
< .......Y.#
** ,
#.)))@.# ,
#..##)..# ,
, #...#
*#..## ,, *
..## * ... ,
##. , , *
,.. , * *


You could see an ice beast.

Vanquished Creatures
  A black bear (D:5)
  A bullfrog (D:6)
  A scorpion (D:5)
  3 hounds
  2 orc priests
  2 orc wizards (D:5)
  3 iguanas
  3 adders
  A dart slug (D:5)
  8 orcs
  A bat (D:1)
  An endoplasm (D:2)
  2 giant cockroaches
  A hobgoblin (D:4)
  A quokka (D:4)
  2 ball pythons
  A frilled lizard (D:1)
  A kobold (D:4)
  A rat (D:2)
36 creatures vanquished.

Vanquished Creatures (collateral kills)
  A foxfire (D:5)
1 creature vanquished.

Vanquished Creatures (others)
  54 foxfires
54 creatures vanquished.

Grand Total: 91 creatures vanquished

Notes
Turn   | Place    | Note
-------+----------+-------------------------------------------
     0 | D:1      | hawla the Meteoran Fire Elementalist began the quest for
                  | the Orb.
     0 | D:1      | Reached XP level 1. HP: 14/14 MP: 5/5
    75 | D:2      | Reached XP level 2. HP: 20/20 MP: 2/6
    78 | D:2      | Learned a level 2 spell: Scorch
   533 | D:4      | Reached XP level 3. HP: 26/26 MP: 3/8
   649 | D:4      | Reached XP level 4. HP: 33/33 MP: 5/10
   654 | D:4      | Learned a level 4 spell: Flame Wave
   932 | D:5      | Entered Level 5 of the Dungeon
   935 | D:5      | Reached XP level 5. HP: 38/38 MP: 6/11
   992 | D:5      | Reached skill level 1 in Staves
   992 | D:5      | Reached XP level 6. HP: 9/45 MP: 1/12
  1047 | D:5      | Reached XP level 7. HP: 50/50 MP: 8/13
  1458 | D:5      | Reached skill level 1 in Evocations
  1557 | D:6      | Mangled by an ice beast

Illustrated notes

Levels and vault maps discovered:
D:1:      minmay_arrival_radiant_lines, layout_basic,
          shapermc_ecumenical_altar_totnotflames, minmay_domino_4
D:2:      layout_loops_ring
D:3:      layout_loops_ring, nicolae_concentric_dashed_squares_mild
D:4:      layout_basic
D:5:      layout_loops_ring, kennysheep_boxes
D:6:      layout_cave_pools, led_sif_book, minmay_temple_entry_butterflies,
          nicolae_ossuary_entry_monument, nrook_loot_triangle, chequers_jeans,
          chequers_decorated_corner

Skill      XL: |  1  2  3  4  5  6  7 |
---------------+----------------------+-----
Fire Magic     | 4 |  4.9
Spellcasting   | 3 |  3.5
Dodging        | 3 |  3.0
Conjurations   | 2 4 |  4.9
Staves         | 1 3 4 |  4.8
Evocations     | 2 |  2.8
Stealth        | |  1.4

Action                     |  1- 3 |  4- 6 |  7- 9 || total
---------------------------+-------+-------+-------++-------
  Melee: Unarmed           |     1 |       |       ||     1
         Quarterstaff      |       |       |     8 ||     8
   Cast: Foxfire           |    22 |     5 |     4 ||    31
         Scorch            |     3 |     7 |     7 ||    17
         Flame Wave        |       |     2 |     4 ||     6
    Use: Scroll            |     1 |       |     3 ||     4
         Potion            |       |       |     1 ||     1
 Armour: Robe              |     1 |     2 |     1 ||     4
  Dodge: Dodged            |     5 |     2 |     8 ||    15
